[Event "Kvibergspelen 2019"]
[Site "Gothenburg"]
[Date "2019.09.27"]
[Round "1.5"]
[White "Golubka, Petro"]
[Black "Olsson, Thomas"]
[Result "1-0"]
[WhiteElo "2479"]
[BlackElo "1956"]
[TimeControl "15 minutes + 5 seconds per move from move one (Round 1 - 4) / 90 minutes + 30 seconds per move from move one (Round 5 - 8)"]

1.e4 e5 2.Nf3 Nc6 3.Bb5 a6 4.Ba4 d6 5.c3 Ne7 6.d3 Ng6 7.O-O Be7 8.d4 O-O 
9.Be3 h6 10.Nbd2 b5 11.Bb3 Bg5 12.Nxg5 hxg5 13.Qh5 Nf4 14.Bxf4 gxf4 15.Nf3
Qf6 16.Ng5 Qh6 17.Bxf7+ Kh8 18.d5 Nd8 19.h4 Bd7 20.Rad1 Qxh5 21.Bxh5 Rf6 
22.g3 g6 23.Be2 Nf7 24.Nf3 Bh3 25.Rfe1 Bg4 26.Nh2 Bxe2 27.Rxe2 g5 28.Ng4 
Rg6 29.h5 Rg7 30.Kg2 Rh7 31.Rh1 Kg7 32.c4 Rah8 33.cxb5 axb5 34.Rc2 Rc8 35.
Rhc1 1-0

[Event "Kvibergspelen 2019"]
[Site "Gothenburg"]
[Date "2019.09.27"]
[Round "1.16"]
[White "Adolfsson, Kjell"]
[Black "Storme, Isak"]
[Result "1-0"]
[WhiteElo "1899"]
[BlackElo "2272"]
[TimeControl "15 minutes + 5 seconds per move from move one (Round 1 - 4) / 90 minutes + 30 seconds per move from move one (Round 5 - 8)"]

1.Nc3 Nf6 2.Nf3 c5 3.d4 cxd4 4.Nxd4 d5 5.Bf4 Nc6 6.Ndb5 e5 7.Bg5 d4 8.Bxf6
gxf6 9.Nd5 Bd6 10.e4 a6 11.Nxd6+ Qxd6 12.Qf3 f5 13.exf5 Nb4 14.Nxb4 Qxb4+ 
15.Kd1 Qxb2 16.Rc1 Qxa2 17.Bd3 f6 18.Re1 O-O 19.Be4 Kh8 20.Bd5 Qb2 21.Re4 
Qb5 22.Rh4 Qd7 23.Qh5 a5 24.Rb1 a4 25.Be6 Qe7 26.Qh6 Bxe6 27.fxe6 a3 28.
Rh3 a2 29.Ra1 Rg8 30.Ke2 Rxg2 31.Kf1 Rg7 32.Rf3 Qxe6 33.Qxf6 Qc4+ 34.Ke1 
Ra6 35.Qxe5 Qb4+ 36.Kf1 Ra8 37.Rg3 Qb1+ 38.Kg2 Rg8 39.Qxd4 Qxc2 40.Qf6 
Qe4+ 41.Kf1 Qc4+ 42.Kg2 b5 43.Kh3 Qc8+ 44.Kg2 Qc4 45.Kh3 b4 46.f4 b3 47.
Rag1 Qc8+ 48.f5 b2 49.Rxg7 Qxf5+ 50.Qxf5 Rxg7 51.Qf8+ Rg8 52.Qxg8# 1-0

[Event "Kvibergspelen 2019"]
[Site "Gothenburg"]
[Date "2019.09.27"]
[Round "2.9"]
[White "Carlsson, Ludvig"]
[Black "Lindberg, Bengt"]
[Result "1/2-1/2"]
[WhiteElo "2066"]
[BlackElo "2397"]
[TimeControl "15 minutes + 5 seconds per move from move one (Round 1 - 4) / 90 minutes + 30 seconds per move from move one (Round 5 - 8)"]

1.Nf3 Nf6 2.c4 c5 3.g3 e6 4.Bg2 Nc6 5.O-O Be7 6.b3 O-O 7.Bb2 d5 8.cxd5 
Nxd5 9.d4 Bd7 10.Nc3 Nxc3 11.Bxc3 Rc8 12.Rc1 b6 13.dxc5 Bxc5 14.Qd2 Qe7 
15.Rfd1 Rfd8 16.e3 Be8 17.Qe2 Nb4 18.Rxd8 Rxd8 19.a3 Nd5 20.b4 Nxc3 21.
Rxc3 Bd6 22.Nd4 g6 23.Nc6 Bxc6 24.Rxc6 Be5 25.Bf3 Kg7 26.Kg2 Rd7 27.Qc2 
Qf6 28.h4 h5 29.a4 Qe7 30.Qe4 Bf6 31.Qc4 Be5 32.a5 bxa5 33.bxa5 Bf6 34.a6 
Qa3 35.Rc7 Rxc7 36.Qxc7 Qxa6 37.Bc6 Qc4 38.Qb7 Qc5 39.Be8 Qd5+ 40.Qxd5 
exd5 41.Bc6 d4 42.exd4 Bxd4 43.Bb5 a5 44.f3 f6 45.Be8 Kh6 46.Kh3 g5 47.g4 
hxg4+ 1/2-1/2

[Event "Kvibergspelen 2019"]
[Site "Gothenburg"]
[Date "2019.09.27"]
[Round "3.15"]
[White "Crevatin, Leo"]
[Black "Carlsson, Ludvig"]
[Result "0-1"]
[WhiteElo "2235"]
[BlackElo "2066"]
[TimeControl "15 minutes + 5 seconds per move from move one (Round 1 - 4) / 90 minutes + 30 seconds per move from move one (Round 5 - 8)"]

1.d4 e6 2.c4 b6 3.e4 Bb7 4.Bd3 Bb4+ 5.Nd2 Nc6 6.Nf3 Qf6 7.e5 Qe7 8.O-O g5 
9.d5 exd5 10.cxd5 Nd8 11.Ne4 g4 12.Nf6+ Nxf6 13.exf6 Qxf6 14.Bg5 Qg7 15.
Re1+ Bxe1 16.Qxe1+ Ne6 17.dxe6 fxe6 18.Qe5 Qxe5 19.Nxe5 Rg8 20.Bh4 d6 21.
Nc4 Kf7 22.Bg3 Rg7 23.Re1 Rd8 24.Bc2 a5 25.a4 h5 26.Rc1 Rd7 27.Bd3 Rg5 28.
Ne3 Kf8 29.Bb5 Rf7 30.Kf1 Be4 31.Ke2 Kg8 32.Rc4 Bb7 33.Be8 Ba6 34.Bxf7+ 
Kxf7 35.Kd2 Bxc4 36.Nxc4 Rd5+ 37.Ke3 Ke7 38.Nd2 Rc5 39.Kd3 Kf7 40.Bf4 Rd5+
41.Ke3 e5 42.Bg3 Rd4 43.b3 Ke6 44.f3 c6 45.fxg4 Rxg4 46.Kf2 b5 47.axb5 
cxb5 48.h3 Rb4 49.Ke2 a4 50.bxa4 bxa4 51.Kd3 a3 52.Kc3 Rb7 53.Nb3 a2 0-1

[Event "Kvibergspelen 2019"]
[Site "Gothenburg"]
[Date "2019.09.27"]
[Round "4.2"]
[White "Lyngsjo, Hakan"]
[Black "Golubka, Petro"]
[Result "0-1"]
[WhiteElo "2031"]
[BlackElo "2479"]
[TimeControl "15 minutes + 5 seconds per move from move one (Round 1 - 4) / 90 minutes + 30 seconds per move from move one (Round 5 - 8)"]

1.e4 c5 2.Nf3 d6 3.Bb5+ Nd7 4.O-O Nf6 5.d4 cxd4 6.Qxd4 a6 7.Bxd7+ Bxd7 8.
c4 g6 9.Nc3 Bg7 10.b3 O-O 11.Bb2 Bc6 12.Qd3 Rc8 13.Nd5 Nxd5 14.Bxg7 Nf4 
15.Qd2 Nh3+ 16.gxh3 Kxg7 17.h4 e5 18.Rfe1 Qd7 19.Kh1 f5 20.h5 fxe4 21.h6+ 
Kh8 0-1

[Event "Kvibergspelen 2019"]
[Site "Gothenburg"]
[Date "2019.09.28"]
[Round "6.5"]
[White "Petersson, Baldur Teodor"]
[Black "Golubka, Petro"]
[Result "0-1"]
[WhiteElo "2238"]
[BlackElo "2479"]
[TimeControl "15 minutes + 5 seconds per move from move one (Round 1 - 4) / 90 minutes + 30 seconds per move from move one (Round 5 - 8)"]

1.e4 c6 2.d4 d5 3.e5 Bf5 4.h4 h5 5.Bd3 Bxd3 6.Qxd3 e6 7.Bg5 Qa5+ 8.Nd2 Qa6
9.c4 Bb4 10.b3 Nd7 11.Nf3 Ne7 12.O-O Nf5 13.a3 Bxd2 14.Nxd2 O-O 15.Rfd1 
Rac8 16.Nf3 Rfe8 17.Rab1 Nb6 18.c5 Qxd3 19.Rxd3 Nd7 20.b4 b6 21.Rdb3 f6 
22.Bf4 Kf7 23.a4 Ne7 24.a5 b5 25.Re1 Nf5 26.Rb2 Nf8 27.Rbe2 Ng6 28.Bg3 Re7
29.exf6 gxf6 30.Kh2 Rce8 31.Kh3 Kg8 32.Kh2 Nf8 33.Rc2 Rg7 34.Bd6 Rg4 35.
Rce2 Ng6 36.Bg3 Kf7 37.Rd2 a6 38.Kh3 Rg8 39.Rd3 Nfxh4 40.Rde3 Nxf3 41.gxf3
Rxd4 42.Rxe6 Rh4+ 0-1

[Event "Kvibergspelen 2019"]
[Site "Gothenburg"]
[Date "2019.09.29"]
[Round "8.4"]
[White "Pantzar, Milton"]
[Black "Akesson, Ralf"]
[Result "1-0"]
[WhiteElo "2376"]
[BlackElo "2367"]
[TimeControl "15 minutes + 5 seconds per move from move one (Round 1 - 4) / 90 minutes + 30 seconds per move from move one (Round 5 - 8)"]

1.d4 Nf6 2.c4 e6 3.Nc3 Bb4 4.e3 O-O 5.Bd3 d5 6.cxd5 exd5 7.Ne2 Re8 8.O-O 
Bd6 9.Nf4 Bxf4 10.exf4 Nc6 11.Be3 Ne7 12.f3 Bf5 13.g4 Bxd3 14.Qxd3 c6 15.
f5 Nc8 16.Rfe1 Nd6 17.b3 Qd7 18.Kg2 Re7 19.Bf4 Rae8 20.Re5 h6 21.Rae1 Nh7 
22.Qd2 f6 23.Rxe7 Rxe7 24.Rxe7 Qxe7 25.Bg3 Nf8 26.Kf2 Nd7 27.Ne2 Nc8 28.
Nf4 Nf8 29.h4 Kf7 30.Qa5 Qd7 31.h5 Ke8 32.Ng6 Kf7 33.Qb4 Nh7 34.a4 a6 35.
Bb8 Ke8 36.Bf4 Kf7 37.Kg2 Kg8 38.Bc1 Qc7 39.Ba3 b6 40.Qe1 Qd7 41.f4 Kf7 
42.a5 b5 43.Bc5 Nd6 44.Nh8+ Kg8 45.Qe6+ Qxe6 46.fxe6 Nc8 47.Ng6 f5 48.gxf5
Nf6 49.Kf3 Nxh5 50.Ne5 Nf6 51.Nxc6 Ne4 52.b4 h5 53.Nb8 h4 54.Nxa6 h3 55.
Nc7 Nxc5 56.bxc5 b4 57.Nxd5 b3 58.Nc3 1-0